 Dungeon Crawl Stone Soup version 0.22.0-81-g402daae (webtiles) character file.

50085 TrayleKats the Fencer (level 14, -5/125 HPs)
             Began as a Minotaur Monk on Sept 16, 2018.
             Was the Champion of Wu Jian.
             Slain by a tyrant leech (12 damage)
             ... on level 6 of the Lair of Beasts on Sept 17, 2018.
             The game lasted 01:29:02 (23700 turns).

TrayleKats the Fencer (Minotaur Monk)              Turns: 23700, Time: 01:29:02

Health: -5/125     AC: 21    Str: 19    XL:     14   Next: 18%
Magic:  19/19      EV: 17    Int:  7    God:    Wu Jian [******]
Gold:   681        SH:  0    Dex: 21    Spells: 13/13 levels left

rFire    . . .     SeeInvis .   m - +2 great sword (freeze)
rCold    . . .     Gourm    .   (shield currently unavailable)
rNeg     . . .     Faith    .   Q - +6 chain mail of the Failed Coup {Dex+4}
rPois    +         Spirit   .   (helmet restricted)
rElec    .         Reflect  .   l - scarf {repulsion}
rCorr    .         Harm     .   (no gloves)
MR       +....                  E - +2 pair of boots {run}
Stlth    ..........             (no amulet)
HPRegen  0.30/turn              I - ring of poison resistance
MPRegen  0.16/turn              y - +2 ring of strength

@: slowed, repel missiles, very slow
A: retaliatory headbutt, horns 2
a: Wall Jump, Serpent's Lash, Heavenly Storm, Renounce Religion


You were on level 6 of the Lair of Beasts.
You worshipped Wu Jian.
Wu Jian was exalted by your worship.
You were very hungry.

You visited 3 branches of the dungeon, and saw 18 of its levels.

You collected 918 gold pieces.
You spent 237 gold pieces at shops.

Inventory:

Hand Weapons
 a - a +0 falchion
 m - a +2 great sword of freezing (weapon)
Armour
 l - a scarf of repulsion (worn)
 E - a +2 pair of boots of running (worn)
 Q - the +6 chain mail of the Failed Coup (worn) {Dex+4}
   (You found it on level 5 of the Lair of Beasts)

   It affects your dexterity (+4).
Jewellery
 y - a +2 ring of strength (right hand)
 z - an uncursed ring of resist corrosion
 B - an uncursed ring of fire
 I - a ring of poison resistance (left hand)
 L - an uncursed ring of magical power {unknown}
 N - an uncursed ring of stealth {unknown}
Wands
 i - a wand of paralysis (4)
 w - a wand of digging (6)
 x - a wand of iceblast (5)
 D - a wand of polymorph (13)
 G - a wand of acid (32)
 M - a wand of random effects (24)
Scrolls
 e - 4 scrolls of remove curse
 g - 4 scrolls of enchant armour
 n - 4 scrolls of teleportation
 o - a scroll of summoning
 t - a scroll of fog
 u - 3 scrolls of enchant weapon
 A - 5 scrolls of amnesia
Potions
 d - 5 potions of lignification (quivered)
 h - 2 potions of haste
 k - a potion of cancellation
 p - 6 potions of brilliance
 q - 3 potions of curing
 r - a potion of berserk rage
 s - 3 potions of magic
 v - 3 potions of flight
 C - a potion of ambrosia
 P - a potion of invisibility {unknown}
Miscellaneous
 b - a fan of gales
 K - a lamp of fire
Comestibles
 c - 41 rations


   Skills:
 + Level 11.8 Fighting
 * Level 15.7 Long Blades
 - Level 5.0 Throwing
 + Level 11.3 Armour
 * Level 13.5 Dodging
 - Level 1.5 Stealth
 * Level 8.8 Evocations


You had 13 spell levels left.
You didn't know any spells.
Your spell library contained the following spells:

 Spells                   Type           Power        Failure   Level  Hunger
 Confusing Touch          Hex            #.....       98%         1    ##.....
 Summon Small Mammal      Summ           #...         98%         1    ##.....
 Call Imp                 Summ           #.......     99%         2    ###....
 Call Canine Familiar     Summ           #.......     100%        3    ####...
 Confuse                  Hex            #.......     100%        3    ####...
 Gell's Gravitas          Tloc           #.........   100%        3    ####...
 Summon Guardian Golem    Hex/Summ       #.......     100%        3    ####...
 Petrify                  Tmut/Erth      #.......     100%        4    #####..
 Summon Ice Beast         Ice/Summ       #.......     100%        4    #####..
 Summon Lightning Spire   Summ/Air       #.......     100%        4    #####..
 Metabolic Englaciation   Hex/Ice        #.........   100%        5    ######.
 Yara's Violent Unravell  Hex/Tmut       #.........   100%        5    ######.


Dungeon Overview and Level Annotations

Branches:
Dungeon (11/15)            Temple (1/1) D:4            Lair (6/6) D:9
  Swamp (0/4) Lair:3       Spider (0/4) Lair:2        Slime (0/5) Lair:6
    Orc (0/2) D:11

Altars:
Ashenzari
Cheibriados
Dithmenos
Elyvilon
Fedhas
Gozag
Hepliaklqana
Kikubaaqudgha
Makhleb
Nemelex Xobeh
Okawaru
Qazlal
Ru
Sif Muna
Trog
Uskayaw
Vehumet
Wu Jian
Xom
Yredelemnul
Zin
The Shining One

Shops:
D:5 :   D:11 ([:

Portals:
Trove: D:11 (give +3 fire dragon scales)

Annotations:
D:10 Gastronok
Lair:1 3 runed doors, Napn's ghost, novice MiBe
Lair:6 exclusion: 3 oklob plants


Innate Abilities, Weirdness & Mutations

You reflexively headbutt those who attack you in melee.
You have a pair of horns on your head.


Message History

The tyrant leech draws strength from your injuries!
The torpor snail misses you. You furiously retaliate!
You headbutt the torpor snail! The tyrant leech barely misses you.
You furiously retaliate!
You headbutt the tyrant leech.
Unknown command.
Unknown command.
Unknown command.
Unknown command.
Unknown command.
Okay, then.
Okay, then.
Unknown command.
Unknown command.
Unknown command.
You spin and attack the tyrant leech.
You are feeling very hungry.
You barely miss the tyrant leech.
The tyrant leech is severely wounded.
The tyrant leech bites you!
You die...

..#..............................
..#...........[.............†....
.P...†..##.......P............#..
P..†S.l.###..##.P..........#.###.
...YYY.###.......##.........###..
.....y.#.......#.##........## ###
P.......#....P.#..........##
#........PP...#...PP......#
.......P......#.@.P..#...PP#
.............##Pw.w#.....PP.
........##....#....##..#...
.......##.........#####.#..
#.....####......### #..#
...P..###.......# ##
...............##
...............# ...............#


You could see a tyrant leech (pinned) and a torpor snail (pinned).

Vanquished Creatures
  Kirke (Lair:4)
  Nessos (Lair:4)
  Snorg (Lair:4)
  Josephine (D:11)
  3 hydras
  A two-headed ogre (D:9)
  3 death yaks (Lair:6)
  Nergalle (D:10)
  Sonja (Lair:3)
  2 unseen horrors
  3 lindwurms (Lair:6)
  An orb spider (Lair:2)
  A cyclops (D:11)
  9 elephants
  2 centaur zombies (D:10)
  6 black mambas
  3 torpor snails
  3 spiny frogs
  A rime drake (Lair:3)
  7 komodo dragons
  A queen bee (Lair:1)
  A hornet (D:11)
  A polar bear (Lair:5)
  Grinder (D:5)
  8 blink frogs
  7 hippogriffs
  2 wyverns
  3 hogs
  3 wraiths (D:11)
  2 basilisks
  Eustachio (D:5)
  64 yaks
  A hungry ghost (D:11)
  A steam dragon (D:7)
  4 vampire mosquitoes (Lair:3)
  20 water moccasins
  9 porcupines
  13 orc warriors
  2 ice beasts
  3 sky beasts
  A black bear (D:9)
  An eye of draining (D:11)
  A hornet zombie (D:10)
  4 phantoms
  23 wolves
  A centaur (D:8)
  5 ogres
  5 crocodiles
  18 bullfrogs
  4 scorpions
  26 killer bees
  7 howler monkeys
  2 bullfrog zombies
  3 electric eels
  5 crimson imps
  A quasit (D:10)
  4 hounds
  A jelly (D:6)
  A bullfrog skeleton (D:4)
  3 centaur skeletons
  14 orc priests
  Crazy Yiuf (D:5)
  Natasha (thrice) (D:2)
  An iguana (D:5)
  10 orc wizards
  10 worker ants
  A killer bee zombie (D:7)
  A hound skeleton (D:9)
  A worker ant zombie (D:8)
  A howler monkey skeleton (D:9)
  14 adders
  7 gnolls
  An adder skeleton (D:6)
  An adder zombie (D:10)
  2 worms
  5 dart slugs
  5 leopard geckos
  49 orcs
  7 giant cockroaches
  11 hobgoblins
  22 jackals
  7 quokkas
  2 ball pythons
  11 bats
  2 frilled lizards
  A giant cockroach zombie (D:5)
  10 goblins
  A jackal skeleton (D:5)
  9 kobolds
  A leopard gecko skeleton (D:7)
  A quokka skeleton (D:7)
  7 rats
  2 fungi (Lair:4)
  2 plants (Lair:4)
537 creatures vanquished.

Vanquished Creatures (others)
  A killer bee (D:10)
  22 fungi
  19 plants
42 creatures vanquished.

Grand Total: 579 creatures vanquished

Notes
Turn   | Place    | Note
-------+----------+-------------------------------------------
     0 | D:1      | TrayleKats the Minotaur Monk began the quest for the Orb.
     0 | D:1      | Reached XP level 1. HP: 19/19 MP: 0/0
    33 | D:1      | Reached XP level 2. HP: 21/27 MP: 1/1
   126 | D:1      | Reached skill level 4 in Long Blades
   413 | D:1      | Reached XP level 3. HP: 31/33 MP: 2/2
   455 | D:1      | Reached skill level 1 in Armour
  1110 | D:2      | Reached skill level 1 in Throwing
  1110 | D:2      | Reached XP level 4. HP: 15/40 MP: 3/3
  1341 | D:2      | Found a shattered altar of Ashenzari.
  1341 | D:2      | Noticed Natasha
  1353 | D:2      | Killed Natasha
  1360 | D:2      | Noticed Natasha
  1373 | D:2      | HP: 1/40 [Natasha (6)]
  1383 | D:2      | Killed Natasha
  1383 | D:2      | Reached skill level 5 in Long Blades
  1569 | D:2      | Reached XP level 5. HP: 46/47 MP: 4/4
  1610 | D:2      | Noticed Natasha
  1617 | D:2      | Killed Natasha
  2240 | D:3      | Found a glowing golden altar of the Shining One.
  2473 | D:3      | Reached XP level 6. HP: 22/53 MP: 5/5
  3163 | D:4      | Found a staircase to the Ecumenical Temple.
  3258 | D:4      | Found a shimmering altar of Xom.
  3258 | D:4      | Found a snail-covered altar of Cheibriados.
  3259 | D:4      | Found a basalt altar of Yredelemnul.
  3267 | D:4      | Found an iron altar of Okawaru.
  3295 | D:4      | Reached skill level 5 in Fighting
  3295 | D:4      | Reached skill level 6 in Long Blades
  3325 | Temple   | Entered the Ecumenical Temple
  3486 | Temple   | Became a worshipper of the Wu Jian Council
  3486 | Temple   | Reached * piety under Wu Jian
  3486 | Temple   | Reached ** piety under Wu Jian
  3850 | D:5      | Entered Level 5 of the Dungeon
  3858 | D:5      | Reached XP level 7. HP: 61/61 MP: 6/6
  3873 | D:5      | Found Byehy's Book Boutique.
  3884 | D:5      | Noticed Grinder
  3892 | D:5      | Paralysed by Grinder for 6 turns
  3909 | D:5      | Killed Grinder
  4099 | D:5      | Reached skill level 5 in Dodging
  4134 | D:5      | Noticed Eustachio
  4158 | D:5      | Killed Eustachio
  4158 | D:5      | Reached skill level 7 in Long Blades
  4472 | D:5      | Found a runed door.
  4628 | D:5      | Noticed Crazy Yiuf
  4645 | D:5      | Killed Crazy Yiuf
  4889 | D:6      | Reached XP level 8. HP: 43/70 MP: 7/7
  4931 | D:6      | HP: 5/105 [orc warrior/mace (3)]
  4932 | D:6      | HP: 2/105 [orc warrior/mace (3)]
  5261 | D:6      | Found a radiant altar of Vehumet.
  5325 | D:6      | Reached skill level 8 in Long Blades
  5651 | D:6      | Reached skill level 5 in Armour
  6369 | D:7      | Reached skill level 9 in Long Blades
  6618 | D:7      | Reached XP level 9. HP: 78/78 MP: 8/8
  6638 | D:7      | Reached *** piety under Wu Jian
  7208 | D:7      | Reached skill level 5 in Throwing
  7243 | D:7      | Identified a +2 pair of boots of running (You found it on
                  | level 7 of the Dungeon)
  7358 | D:7      | Reached skill level 10 in Long Blades
  7945 | D:8      | Reached skill level 1 in Evocations
  8132 | D:8      | Reached **** piety under Wu Jian
  8203 | D:8      | Reached XP level 10. HP: 61/88 MP: 10/10
  8983 | D:9      | Found a shadowy altar of Dithmenos.
  9397 | D:9      | Killed an unseen horror
  9397 | D:9      | Reached skill level 11 in Long Blades
  9397 | D:9      | HP: 1/88 [shot self (20)]
 10252 | D:9      | Noticed a two-headed ogre
 10276 | D:9      | Killed a two-headed ogre
 10519 | D:9      | Found a staircase to the Lair.
 10972 | D:10     | Entered Level 10 of the Dungeon
 11321 | D:10     | Reached ***** piety under Wu Jian
 11421 | D:10     | Noticed Nergalle
 11693 | D:10     | Noticed a spectral orc warlord
 11703 | D:10     | Killed Nergalle
 11703 | D:10     | Reached XP level 11. HP: 54/97 MP: 12/12
 12228 | D:10     | Killed an unseen horror
 12539 | D:10     | Reached skill level 12 in Long Blades
 12701 | D:10     | Found an iron altar of Okawaru.
 12731 | D:10     | Noticed Gastronok
 13833 | D:11     | Found Harev's Weapon Shoppe.
 13835 | D:11     | Found a staircase to the Orcish Mines.
 14438 | D:11     | Found Nofoul's Armour Shoppe.
 14444 | D:11     | Bought a +2 great sword of freezing for 237 gold pieces
 14460 | D:11     | Reached skill level 10 in Dodging
 14491 | D:11     | Noticed Josephine
 14504 | D:11     | Killed Josephine
 15166 | D:11     | Found Pacaqo's Book Shoppe.
 15315 | D:11     | Found a portal to a secret trove of treasure.
 15452 | Lair:1   | Entered Level 1 of the Lair of Beasts
 15568 | Lair:1   | Reached skill level 13 in Long Blades
 16003 | Lair:1   | Noticed a four-headed hydra
 16019 | Lair:1   | Killed a seven-headed hydra
 16019 | Lair:1   | Reached skill level 10 in Fighting
 16019 | Lair:1   | Reached skill level 5 in Evocations
 16019 | Lair:1   | Reached XP level 12. HP: 78/106 MP: 14/14
 16447 | Lair:1   | Noticed a minotaur
 16448 | Lair:1   | Noticed Napn's ghost (novice MiBe)
 16472 | Lair:1   | Found a runed gate.
 16473 | Lair:1   | Found a runed gate.
 16473 | Lair:1   | Found a runed gate.
 16629 | Lair:1   | Noticed an eight-headed hydra
 16637 | Lair:1   | Killed a ten-headed hydra
 17637 | Lair:2   | Reached ****** piety under Wu Jian
 17774 | Lair:2   | Found a hole to the Spider Nest.
 18371 | Lair:3   | Reached skill level 14 in Long Blades
 18511 | Lair:3   | Reached skill level 10 in Armour
 18529 | Lair:3   | Found a staircase to the Swamp.
 18629 | Lair:3   | Noticed Sonja
 18637 | Lair:3   | Killed Sonja
 18832 | Lair:3   | Found a deep blue altar of Sif Muna.
 19390 | Lair:3   | Reached XP level 13. HP: 115/115 MP: 17/17
 19602 | Lair:4   | Noticed Snorg
 19856 | Lair:4   | Killed Snorg
 20225 | Lair:4   | Noticed Kirke
 20441 | Lair:4   | Noticed Nessos
 20447 | Lair:4   | Killed Nessos
 20857 | Lair:4   | Killed Kirke
 21260 | Lair:4   | Reached skill level 15 in Long Blades
 22702 | Lair:5   | Got a crude chain mail
 22714 | Lair:5   | Identified the +6 chain mail of the Failed Coup {Dex+4}
                  | (You found it on level 5 of the Lair of Beasts)
 23012 | Lair:6   | Entered Level 6 of the Lair of Beasts
 23133 | Lair:6   | Reached XP level 14. HP: 120/125 MP: 19/19
 23564 | Lair:6   | Found a staircase to the Slime Pits.
 23700 | Lair:6   | Slain by a tyrant leech

Skill      XL: |  1  2  3  4  5  6  7  8  9 10 11 12 13 |
---------------+----------------------------------------+-----
Long Blades    | 4 5 6 7 9 10 11 13 14 15 | 15.7
Fighting       | 4 5 6 7 9 10 11 | 11.8
Armour         | 1 2 3 4 5 6 8 9 10 11 | 11.3
Throwing       | 1 2 3 4 5 |  5.0
Dodging        | 4 5 6 7 9 10 12 13 | 13.5
Evocations     | 1 3 5 6 8 |  8.8
Stealth        | |  1.5

Action                   |  1- 3 |  4- 6 |  7- 9 | 10-12 | 13-15 || total
-------------------------+-------+-------+-------+-------+-------++-------
Melee: Falchion          |    63 |   216 |   437 |   568 |       ||  1284
       Headbutt          |    12 |    37 |   107 |   212 |   100 ||   468
       Great sword       |       |       |       |   311 |   361 ||   672
       Unarmed           |       |       |       |       |     9 ||     9
Invok: Whirlwind         |       |     5 |   131 |   260 |    47 ||   443
       Wall Jump         |       |     2 |    30 |    66 |    18 ||   116
       Lunge             |       |     1 |    26 |    35 |    17 ||    79
Evoke: Wand              |       |     1 |     4 |    15 |     5 ||    25
       Fan of gales      |       |       |       |       |     1 ||     1
       Lamp of fire      |       |       |       |       |     1 ||     1
  Use: Potion            |       |     5 |     2 |     4 |     2 ||    13
       Scroll            |       |     6 |     1 |    17 |     3 ||    27
 Stab: Sleeping          |     2 |       |       |     3 |       ||     5
  Eat: Chunk             |     1 |     8 |     8 |    30 |    13 ||    60
       Ration            |       |       |     2 |     2 |       ||     4
Armor: Robe              |    16 |     3 |       |       |       ||    19
       Ring mail         |       |    69 |    86 |   261 |    20 ||   436
       Skin              |       |    40 |    19 |       |       ||    59
       Plate armour      |       |       |       |       |    53 ||    53
       Chain mail        |       |       |       |       |    43 ||    43
Dodge: Dodged            |    58 |   170 |   230 |   533 |   259 ||  1250
       Deflected         |     3 |     2 |     1 |     4 |     1 ||    11
       Rpst.: Falchion   |    16 |    43 |    68 |    82 |       ||   209
       Great sword       |       |       |       |    65 |    76 ||   141
